 Dungeon Crawl Stone Soup version 0.31.0-12-g77e489cdc1 (webtiles) character file.

Game seed: 9792037246276215912

539 Silvore the Cudgeller (level 7, 0/60 HPs)
             Began as a Minotaur Fighter on Mar 4, 2024.
             Killed from afar by an orc wizard (6 damage)
             ... with a puff of flame
             ... on level 4 of the Dungeon.
             The game lasted 00:05:31 (2973 turns).

Silvore the Cudgeller (Minotaur Fighter)            Turns: 2973, Time: 00:05:31

Health: 0/60       AC: 13    Str: 22    XL:     7   Next: 5%
Magic:  6/6        EV:  8    Int:  5    God:
Gold:   150        SH:  5    Dex: 10    Spells: 6/6 levels left

rFire   . . .        a - +1 flail
rCold   . . .        c - +0 buckler
rNeg    . . .        t - +0 chain mail
rPois   .            (helmet restricted)
rElec   .            l - +0 cloak
rCorr   .            g - +0 pair of gloves
SInv    .            e - +0 pair of boots
Will    .....        (no amulet) Stlth
                     (no ring)
HPRegen 0.30/turn    (no ring)
MPRegen 0.10/turn

%: no passive effects
@: no status effects
A: horns 2, retaliatory headbutt
a: no special abilities


You were on level 4 of the Dungeon.
You visited 1 branch of the dungeon, and saw 4 of its levels.
You also visited: Sewer.

You collected 150 gold pieces.

Inventory:

Hand Weapons
 a - a +1 flail (weapon)
Missiles
 j - a throwing net (quivered)
Armour
 b - a +0 scale mail
 c - a +0 buckler (worn)
 e - a +0 pair of boots (worn)
 g - a +0 pair of gloves (worn)
 l - a +0 cloak (worn)
 t - a +0 chain mail (worn)
Wands
 q - a wand of flame (11)
 r - a wand of acid (10)
Scrolls
 s - a scroll of summoning
 u - a scroll of torment
 v - a scroll of amnesia {unknown}
Potions
 d - a potion of magic
 f - 2 potions of mutation
 h - 2 potions of might
 i - 2 potions of berserk rage
 k - a potion of degeneration
 m - a potion of attraction
 n - a potion of lignification
 o - a potion of heal wounds
 p - a potion of haste {unknown}


   Skills:
 + Level 4.9 Fighting
 + Level 6.1 Maces & Flails
 + Level 5.5 Armour
 + Level 1.6 Dodging
 + Level 0.4 Stealth
 + Level 5.0 Shields


You had 6 spell levels left.
You didn't know any spells.
Your spell library contained the following spells:

 Spells                   Type           Power      Damage    Failure   Level
 Slow                     Hex            0%         N/A       98%         1
 Confusing Touch          Hex            0%         N/A       100%        3
 Frozen Ramparts          Ice            0%         1d1       100%        3
 Ozocubu's Armour         Ice            0%         N/A       100%        3
 Sigil of Binding         Hex            0%         N/A       100%        3
 Vampiric Draining        Necr           0%         2d6       100%        3
 Leda's Liquefaction      Alch/Erth      0%         N/A       100%        4
 Petrify                  Alch/Erth      0%         N/A       100%        4
 Metabolic Englaciation   Hex/Ice        0%         N/A       100%        5
 Sculpt Simulacrum        Ice/Alch       0%         N/A       100%        6


Dungeon Overview and Level Annotations

Branches:
Dungeon (4/15)              Sewer (visited)
 Temple: D:4-7

Altars:


Innate Abilities, Weirdness & Mutations

You have a pair of horns on your head.
You reflexively headbutt those who attack you in melee.


Message History

The jelly hits you but does no damage.
You sock the jelly!
You kill the jelly!
Your Maces & Flails skill increases to level 6!
You have reached level 7!
You closely miss the orc. You headbutt the orc.
The orc is heavily wounded.
The orc wizard casts a spell at you. The puff of flame hits you!
You block the orc's attack.
An orc wizard comes into view. It is wielding a +0 dagger.
The orc wizard mumbles some strange words.
The orc wizard flickers and vanishes!
Deactivating autopickup; reactivate with Ctrl-A.
The orc wizard casts a spell at you. The magic dart hits you!
You hit the orc wizard but do no damage.
You headbutt the orc wizard, but do no damage.
The orc wizard hits you but does no damage.
The orc hits you but does no damage.
You hit the orc wizard but do no damage.
Your headbutt misses the orc wizard.
A magic dart appears from out of thin air!
The magic dart hits you. The orc closely misses you.
Something hits you but does no damage.
The orc wizard hits you but does no damage.
You are electrocuted!!
The orc attacks as it pursues you! The orc barely misses you.
Unknown command.
You barely miss the orc.
The orc is heavily wounded.
The orc wizard hits you but does no damage.
You are electrocuted!
* * * LOW HITPOINT WARNING * * *
Something hits you but does no damage. The orc barely misses you.
The orc wizard completely misses you.
You hear some strange, mumbled words.
A puff of flame appears from out of thin air!
The puff of flame hits you.
You die...

#.............
..##.....#####........#.
#........ ## #.#..#####.
#........ . .....## #.
..........####... #.
......#. #... #. .....
..... .. #.{# .... ##
#.@# #oo# ###..# #....#
#.##.#### #. #....# #..
# ####.# .. #.# #... #.#
#...######


You could see an orc wizard and an orc.

Vanquished Creatures
  Pargi (Sewer)
  A brain worm (Sewer)
  A scorpion (D:4)
  2 jellies
  Jessica (D:3)
  Natasha (thrice) (D:3)
  Robin (D:2)
  6 gnolls
  An adder (D:3)
  3 dart slugs
  5 orcs (D:4)
  7 ball pythons
  8 bats
  2 endoplasms
  8 giant cockroaches
  8 goblins
  11 hobgoblins
  5 kobolds
  3 quokkas
  6 frilled lizards
  9 rats
92 creatures vanquished.

Notes
Turn   | Place    | Note
-------+----------+-------------------------------------------
     0 | D:1      | Silvore the Minotaur Fighter began the quest for the Orb.
     0 | D:1      | Reached XP level 1. HP: 19/19 MP: 0/0
     1 | D:1      | Noticed a ghoul
     2 | D:1      | Noticed a djinni
     5 | D:1      | Noticed a merfolk
     6 | D:1      | Noticed a minotaur
     8 | D:1      | Noticed a human
     9 | D:1      | Noticed a tengu
    11 | D:1      | Noticed a djinni
    11 | D:1      | Noticed a vine stalker
    13 | D:1      | Noticed a draconian
    15 | D:1      | Noticed a demonspawn
    15 | D:1      | Noticed a minotaur
    17 | D:1      | Noticed a barachi
    17 | D:1      | Noticed a spriggan
    17 | D:1      | Noticed an armataur
    19 | D:1      | Noticed a spriggan
    19 | D:1      | Noticed a naga
    92 | D:1      | Reached XP level 2. HP: 27/27 MP: 1/1
   744 | D:2      | Reached XP level 3. HP: 33/33 MP: 2/2
   877 | D:2      | Reached skill level 3 in Maces & Flails
   945 | D:2      | Reached XP level 4. HP: 25/41 MP: 3/3
  1184 | D:2      | Noticed Robin
  1203 | D:2      | Killed Robin
  1204 | D:2      | Reached skill level 1 in Dodging
  1745 | D:3      | Reached XP level 5. HP: 31/47 MP: 4/4
  1816 | D:3      | Noticed Natasha
  1826 | D:3      | Killed Natasha
  1827 | D:3      | Reached skill level 4 in Maces & Flails
  1946 | D:3      | Noticed Jessica
  1950 | D:3      | Killed Jessica
  2063 | D:3      | Found a faded altar of an unknown god.
  2081 | D:3      | Noticed Natasha
  2091 | D:3      | Killed Natasha
  2291 | D:3      | Noticed Natasha
  2296 | D:3      | Killed Natasha
  2499 | D:4      | Reached XP level 6. HP: 48/53 MP: 5/5
  2619 | D:4      | Found a glowing drain.
  2627 | D:4      | Reached skill level 5 in Maces & Flails
  2627 | D:4      | Reached skill level 5 in Armour
  2645 | Sewer    | Entered a sewer
  2750 | Sewer    | Noticed Pargi
  2757 | Sewer    | Killed Pargi
  2758 | Sewer    | Reached skill level 5 in Shields
  2966 | D:4      | Reached skill level 6 in Maces & Flails
  2966 | D:4      | Reached XP level 7. HP: 57/60 MP: 6/6
  2973 | D:4      | Killed from afar by an orc wizard

Illustrated notes

Levels and vault maps discovered:
D:1:      shiori_arrival_whats_in_store_for_you, layout_loops_ring
D:2:      layout_basic, uniq_robin
D:3:      layout_loops_ring, basic_ecumenical_altar, uniq_natasha, uniq_jessica
D:4:      layout_loops_ring, mainiacjoe_overflow_surrounded_room,
          cheibrodos_sewer_entry_drain

Skill      XL: |  1  2  3  4  5  6 |
---------------+-------------------+-----
Armour         | 4 5 |  5.5
Fighting       | 4 |  4.9
Shields        | 4 5 |  5.0
Maces & Flails | 3 4 6 |  6.1
Dodging        | 1 |  1.6
Stealth        | |  0.4

Action                     |  1- 3 |  4- 6 |  7- 9 || total
---------------------------+-------+-------+-------++-------
  Melee: Flail             |    81 |   113 |     4 ||   198
         Headbutt          |     8 |    13 |     2 ||    23
    Use: Scroll            |     5 |    10 |       ||    15
         Potion            |     1 |     1 |       ||     2
 Armour: Scale mail        |    67 |    74 |       ||   141
         Chain mail        |       |    18 |    10 ||    28
  Dodge: Dodged            |    55 |    50 |     4 ||   109
  Block: Buckler           |    25 |    24 |     1 ||    50
